 Dungeon Crawl Stone Soup version 0.29-a0-72-g1732ff48e7 (webtiles) character file.

Game seed: 8507228284699749652

1958 horus123 the Protected (level 9, -2/75 HPs)
             Began as a Hill Orc Fighter on Feb 4, 2022.
             Was an Initiate of Yredelemnul.
             Shot with a sling bullet by Joseph (15 damage)
             ... on level 7 of the Dungeon.
             The game lasted 00:11:36 (7580 turns).

horus123 the Protected (Hill Orc Fighter)           Turns: 7580, Time: 00:11:37

Health: -2/75      AC:  0    Str: 21    XL:     9   Next: 19%
Magic:  9/9        EV: 17    Int: 10    God:    Yredelemnul [......]
Gold:   1571       SH:  0    Dex: 15    Spells: 8/8 levels left

rFire   . . .      SeeInvis .   (weapon currently unavailable)
rCold   . . .      Faith    +   (shield currently unavailable)
rNeg    . . .      Spirit   .   (armour currently unavailable)
rPois   .          Reflect  .   (helmet currently unavailable)
rElec   .          Harm     .   (cloak currently unavailable)
rCorr   .          Rampage  .   (gloves currently unavailable)
Will    .....                   (boots currently unavailable)
Stlth   +.........              u - amulet of faith
HPRegen 0.22/turn               (ring currently unavailable)
MPRegen 0.11/turn               (ring currently unavailable)

@: mighty, bat-form, flying, very quick
A: fast, flying, no casting, tiny
a: Renounce Religion, Recall Undead Harvest


You were on level 7 of the Dungeon.
You worshipped Yredelemnul.
Yredelemnul was noncommittal.
You were a bat.
You visited 1 branch of the dungeon, and saw 7 of its levels.
You also visited: Sewer.

You collected 1571 gold pieces.

Inventory:

Hand Weapons
 a - a +0 war axe
 q - a +0 longbow
 v - a +2 vorpal dire flail (melded)
 B - a +0 dire flail
 D - a +2 whip of flaming
Armour
 b - a +0 scale mail
 f - a +0 pair of gloves (melded)
 p - a +0 helmet (melded)
 E - a +2 robe of the Archmagi
 H - a +0 chain mail (melded)
Jewellery
 h - a +6 ring of strength (melded)
 o - a +4 ring of protection (melded)
 u - an amulet of faith (around neck)
 x - a ring of poison resistance
 y - a ring of ice
Wands
 d - a wand of polymorph (9)
 k - a wand of flame (9)
 r - a wand of acid (2)
 t - a wand of iceblast (4)
Scrolls
 j - 2 scrolls of teleportation
 m - 4 scrolls of immolation
 C - a scroll of magic mapping
 F - a scroll of identify
 G - a scroll of brand weapon {unknown}
Potions
 c - a potion of resistance {unknown}
 e - 3 potions of curing
 g - 3 potions of flight
 i - 2 potions of haste
 l - 2 potions of magic {unknown}
 n - 2 potions of heal wounds
 s - 2 potions of lignification {unknown}
 w - a potion of might
 z - a potion of brilliance {unknown}
 A - a potion of ambrosia {unknown}


   Skills:
 - Level 6.1 Fighting
 - Level 4.0(7.2) Axes
 + Level 7.8(8.2) Maces & Flails
 - Level 9.2 Armour
 - Level 3.2 Shields


You had 8 spell levels left.
You didn't know any spells.
Your spell library contained the following spells:

 Spells                   Type           Power      Damage    Failure   Level
 Sandblast                Erth           0%         2d4       36%         1
 Ensorcelled Hibernation  Hex/Ice        0%         N/A       50%         2
 Passwall                 Tmut/Erth      0%         N/A       50%         2
 Ignite Poison            Fire/Tmut/Pois 0%         N/A       75%         3
 Mephitic Cloud           Conj/Pois/Air  0%         N/A       75%         3
 Spider Form              Tmut/Pois      0%         N/A       75%         3
 Stone Arrow              Conj/Erth      0%         3d7       75%         3
 Anguish                  Hex/Necr       0%         N/A       98%         4
 Freezing Cloud           Conj/Ice/Air   0%         6-21      100%        5


Dungeon Overview and Level Annotations

Branches:
Dungeon (7/15)              Sewer (visited)
 Temple: D:4-7

Altars:
Dithmenos
Elyvilon
Hepliaklqana
Kikubaaqudgha
Sif Muna
Yredelemnul

Annotations:
D:7 Joseph


Message History

The hornet zombie barely misses you.
You sock Joseph!
Joseph is heavily wounded.
Joseph hits you but does no damage.
The hornet zombie hits you but does no damage.
You barely miss Joseph.
Joseph is heavily wounded.
The hornet zombie hits you. Joseph barely misses you.
You barely miss Joseph.
Joseph is heavily wounded.
The hornet zombie hits you but does no damage.
Joseph zaps a wand.
You turn into a bat.
Your +2 vorpal dire flail melds into your body.
Your +0 helmet melds into your body.
Your +0 pair of gloves melds into your body.
Your +0 chain mail melds into your body.
Your +6 ring of strength melds into your body.
Your +4 ring of protection melds into your body.
You feel weaker.
You hit Joseph.
Joseph is heavily wounded.
The hornet zombie hits you! Joseph hits you with a +0 quarterstaff!
The hornet zombie barely misses you.
You bite Joseph!
Joseph is severely wounded.
Joseph closely misses you. The hornet zombie misses you.
You bite Joseph!
Joseph is severely wounded.
The hornet zombie closely misses you.
Joseph hits you with a +0 quarterstaff!!
* * * LOW HITPOINT WARNING * * *
You hit Joseph.
Joseph is almost dead.
The hornet zombie misses you. Joseph hits you with a +0 quarterstaff!
* * * LOW HITPOINT WARNING * * *
Found 9 gold pieces.
Joseph unwields a +0 quarterstaff.
Joseph wields a +0 hunting sling.
Joseph shoots a sling bullet.
The sling bullet hits you!
You die...
Your body rises from the dead as a mindless zombie.

. ##...........#
..#.....$......#....
....................
..##.>..<.......... #
#.........$....###
##...............#
#...............# .
..#...(..@........#.≈≈≈
.........##.Z..b...≈.≈≈
####.##..##.####.≈.≈.≈≈
#........# ≈≈≈.≈≈≈
####.....# ≈≈≈≈≈≈.
#.##..# ..≈≈...
####....# ....≈..
.....# #.....$ .......#
..#### ..........


You could see Joseph and a hornet zombie.

Vanquished Creatures
  Pikel (D:6)
  Menkaure (D:5)
  Edmund (D:6)
  An ice beast (D:5)
  Pargi (Sewer)
  3 ogres
  A centaur (D:5)
  A bullfrog (D:6)
  2 scorpions (D:6)
  A water moccasin zombie (D:6)
  A centaur zombie (D:5)
  A howler monkey (D:4)
  2 jellies (D:4)
  An orc priest (D:6)
  A bullfrog skeleton (D:6)
  An iguana (D:4)
  Ijyb (D:3)
  2 scorpion zombies (D:5)
  7 gnolls
  5 adders
  A worm (D:4)
  3 dart slugs
  12 orcs
  7 ball pythons
  11 endoplasms
  7 giant cockroaches
  12 goblins
  7 hobgoblins
  3 jackals (D:1)
  5 quokkas
  8 bats
  4 frilled lizards
  7 kobolds
  8 rats
130 creatures vanquished.

Vanquished Creatures (others)
  3 orc zombies (D:6)
  5 fungi (D:3)
  4 toadstools (D:3)
  A withered plant (D:5)
13 creatures vanquished.

Grand Total: 143 creatures vanquished

Notes
Turn   | Place    | Note
-------+----------+-------------------------------------------
     0 | D:1      | horus123 the Hill Orc Fighter began the quest for the Orb.
     0 | D:1      | Reached XP level 1. HP: 19/19 MP: 1/1
    97 | D:1      | Found a faded altar of an unknown god.
   142 | D:1      | Reached XP level 2. HP: 27/27 MP: 2/2
   367 | D:1      | Reached XP level 3. HP: 32/33 MP: 3/3
  1002 | D:2      | Reached skill level 4 in Armour
  1236 | D:2      | Reached XP level 4. HP: 40/40 MP: 4/4
  1944 | D:3      | Noticed Ijyb
  1954 | D:3      | Killed Ijyb
  1955 | D:3      | Reached skill level 5 in Armour
  1955 | D:3      | Reached XP level 5. HP: 14/46 MP: 5/5
  2211 | D:3      | Found a shadowy altar of Dithmenos.
  2220 | D:3      | Found a white marble altar of Elyvilon.
  2377 | D:3      | Reached skill level 6 in Armour
  3147 | D:3      | Found an ancient bone altar of Kikubaaqudgha.
  3262 | D:3      | Found a shimmering blue altar of Sif Muna.
  3505 | D:4      | Reached XP level 6. HP: 50/52 MP: 6/6
  3611 | D:4      | Reached skill level 7 in Armour
  3744 | D:4      | Found a glowing drain.
  3759 | Sewer    | Entered a sewer
  3944 | Sewer    | Noticed Pargi
  3962 | Sewer    | Killed Pargi
  3963 | Sewer    | Reached skill level 8 in Armour
  3963 | Sewer    | Reached XP level 7. HP: 20/59 MP: 7/7
  4531 | D:4      | Found a hazy altar of Hepliaklqana.
  4838 | D:5      | Entered Level 5 of the Dungeon
  4887 | D:5      | Reached skill level 9 in Armour
  5002 | D:5      | Noticed Menkaure
  5007 | D:5      | Killed Menkaure
  5008 | D:5      | Reached skill level 5 in Fighting
  5008 | D:5      | Reached XP level 8. HP: 69/69 MP: 8/8
  5580 | D:5      | Found a basalt altar of Yredelemnul.
  5763 | D:5      | Became a worshipper of Yredelemnul the Dark
  6017 | D:6      | Noticed Pikel
  6065 | D:6      | Killed Pikel
  6370 | D:6      | Reached XP level 9. HP: 75/75 MP: 9/9
  6377 | D:6      | Noticed Edmund
  6388 | D:6      | Killed Edmund
  6388 | D:6      | Reached * piety under Yredelemnul
  6407 | D:6      | Reached ** piety under Yredelemnul
  6955 | D:6      | Identified a scroll of acquirement
  6955 | D:6      | Acquired 1031 gold pieces
  7524 | D:7      | Noticed Joseph
  7580 | D:7      | Shot with a sling bullet by Joseph

Illustrated notes

Levels and vault maps discovered:
D:1:      mrwooster_arrival_statue_2, layout_basic,
          ebering_ecumenical_altar_mist, serial_bayou_lagoon_b
D:2:      minmay_chambers_of_ones, layout_basic, minivault_14, item_on_display_a
D:3:      layout_basic, mainiacjoe_overflow_swirl, amcnicky_altar_gilded,
          mainiacjoe_overflow_boulevard, eino_curves_02,
          minmay_gold_behind_fungi, uniq_ijyb
D:4:      layout_cave_pods, mainiacjoe_overflow_brackets, portal_sewer_entry_b
D:5:      layout_loops_cross, yredelemnul_altar_generic, uniq_menkaure
D:6:      layout_layer_cave, uniq_edmund, uniq_pikel
D:7:      layout_cave_pools, minmay_temple_entry_junction_2, serial_rivers,
          chequers_serial_rivers_small_3, chequers_serial_rivers_micro_a,
          chequers_serial_rivers_micro_b, chequers_serial_rivers_room_a,
          chequers_serial_rivers_micro_b, minivault_27, kennysheep_small_square,
          uniq_joseph, uniq_duvessa

Skill      XL: |  1  2  3  4  5  6  7  8  9 |
---------------+----------------------------+-----
Fighting       | 4 5 6 |  6.1
Axes           | 3 4 |  4.0
Armour         | 4 5 6 8 9 |  9.2
Maces & Flails | 6 7 |  7.8
Shields        | |  3.2

Action                   |  1- 3 |  4- 6 |  7- 9 || total
-------------------------+-------+-------+-------++-------
Melee: War axe           |    57 |   200 |    44 ||   301
       Dire flail        |       |       |    89 ||    89
       Unarmed           |       |       |     4 ||     4
Evoke: Wand              |       |       |     1 ||     1
  Use: Scroll            |     1 |     5 |     4 ||    10
       Potion            |       |     1 |     1 ||     2
Armor: Scale mail        |    31 |   108 |    78 ||   217
       Chain mail        |       |       |     6 ||     6
       Skin              |       |       |     1 ||     1
Dodge: Dodged            |    26 |   110 |    77 ||   213
Block: Buckler           |     7 |    53 |    10 ||    70

Table legend: (Time is in decaauts)
 A = Elapsed time spent in this place.
 B = Non-inter-level travel time spent in this place.
 C = Inter-level travel time spent in this place.
 D = Time resting spent in this place.
 E = Time spent auto-exploring this place.
 F = Levels seen in this place.
 G = Mean time per level.
                   A        B        C        D        E       F      G
               +--------+--------+--------+--------+--------+-----+--------+
         Total |   7706 |   7484 |    222 |   1197 |   4866 |   8 |  963.2 |
       Dungeon |   7234 |   7012 |    222 |   1000 |   4652 |   7 | 1033.4 |
         Sewer |    472 |    472 |      0 |    197 |    214 |   1 |  472.0 |
               +--------+--------+--------+--------+--------+-----+--------+

Top non-repeatable levels by time:
     D:6: 1658 daAuts
     D:3: 1615 daAuts
     D:1: 990 daAuts
     D:5: 981 daAuts
     D:4: 977 daAuts
     D:2: 976 daAuts
   Sewer: 472 daAuts
     D:7: 34 daAuts
